 Dungeon Crawl Stone Soup version 0.26-a0-668-gd58323b419 (webtiles) character file.

Game seed: 1597997731463907708

177 YayAnonymity the Chucker (level 5, -1/50 HPs)
             Began as a Troll Hunter on Oct 19, 2020.
             Slain by an ogre
             ... wielding a +0 giant club
              (24 damage)
             ... on level 4 of the Dungeon.
             The game lasted 00:04:47 (2839 turns).

YayAnonymity the Chucker (Troll Hunter)             Turns: 2839, Time: 00:04:47

Health: -1/50      AC:  6    Str: 20    XL:     5   Next: 30%
Magic:  4/4        EV: 10    Int:  7    God:
Gold:   256        SH:  0    Dex: 11    Spells: 4/4 levels left

rFire    . . .     SeeInvis .   (no weapon)
rCold    . . .     Faith    .   (no shield)
rNeg     . . .     Spirit   .   b - +0 robe
rPois    .         Reflect  .   (helmet restricted)
rElec    .         Harm     .   (no cloak)
rCorr    .         Rampage  .   (gloves unavailable)
MR       .....                  (boots unavailable)
Stlth    +.........             (no amulet)
HPRegen  0.56/turn              r - ring of flight (curse)
MPRegen  0.09/turn              (no ring)

@: no status effects
A: large, unfitting armour, claws 3, regeneration 1, shaggy fur 1, tough skin 3
a: Evoke Flight


You were on level 4 of the Dungeon.
You visited 1 branch of the dungeon, and saw 4 of its levels.

You collected 256 gold pieces.

Inventory:

Hand Weapons
 a - a +0 flail
Missiles
 c - 4 large rocks (quivered)
 d - 2 throwing nets
 f - 37 poisoned darts
Armour
 b - a +0 robe (worn)
Jewellery
 r - a cursed ring of flight (left claw)
Scrolls
 e - 2 scrolls of enchant armour {unknown}
 g - a scroll of identify
 h - 2 scrolls of remove curse {unknown}
 i - a scroll of blinking {unknown}
 j - a scroll of teleportation {unknown}
 k - a scroll of magic mapping {unknown}
 m - a scroll of amnesia {unknown}
 q - 3 scrolls of fog {unknown}
Potions
 n - a potion of stabbing
 o - 3 potions of magic
 p - a potion of ambrosia


   Skills:
 + Level 2.5 Fighting
 + Level 1.6 Maces & Flails
 * Level 4.8 Throwing
 + Level 2.4 Dodging
 - Level 0.3 Stealth


You had 4 spell levels left.
You didn't know any spells.
Your spell library was empty.

Dungeon Overview and Level Annotations

Branches:
Dungeon (4/15)
 Temple: D:4-7

Altars:
Elyvilon
Makhleb

Annotations:
D:3 2 transporters, kd29's ghost, amateur DEFE


Innate Abilities, Weirdness & Mutations

You are too large for most types of armour.
You have claws for hands.
Your natural rate of healing is unusually fast.
You are covered in fur. (AC +1)
You have extremely tough skin. (AC +3)


Message History

You see here a potion of degeneration.
An ogre comes into view. It is wielding a +0 giant club.
Found 23 stones.
Found a stone staircase leading up.
The ogre shouts!
The ogre hits you with a +0 giant club!
You see here 23 stones.
You claw the ogre!
The ogre is moderately wounded.
The ogre closely misses you.
You scratch the ogre but do no damage.
The ogre is moderately wounded.
You scratch the ogre.
The ogre is heavily wounded.
The ogre hits you with a +0 giant club!
You are too injured to fight recklessly!
You scratch the ogre.
The ogre is heavily wounded.
The ogre hits you with a +0 giant club!!
You die...

. ...###...######.#
#.#
#.>...............#
#.#
#.######.###########.#
#....###.#### #....#
#.....!†.# #.#..#
#...####.#####...##
#####...# #.....##.##
<..^....# #####.####
#####.#@# ### #.#O#
#.#.# # #.# #.# #.#
#.. ...


You could see an ogre.

Vanquished Creatures
  Terence (D:2)
  7 adders
  An ooze (D:2)
  3 worms (D:2)
  A dart slug (D:1)
  3 leopard geckos
  9 bats
  2 giant cockroaches (D:1)
  8 goblins
  10 hobgoblins
  6 kobolds
  2 quokkas
  3 ball pythons
  3 frilled lizards
  A jackal skeleton (D:4)
  15 rats
75 creatures vanquished.

Vanquished Creatures (others)
  2 plants (D:2)
2 creatures vanquished.

Grand Total: 77 creatures vanquished

Notes
Turn   | Place    | Note
-------+----------+-------------------------------------------
     0 | D:1      | YayAnonymity the Troll Hunter began the quest for the Orb.
     0 | D:1      | Reached XP level 1. HP: 19/19 MP: 0/0
   181 | D:1      | Reached XP level 2. HP: 28/28 MP: 1/1
   444 | D:1      | Reached skill level 4 in Throwing
   854 | D:1      | Reached XP level 3. HP: 35/35 MP: 2/2
  1156 | D:2      | Noticed Terence
  1175 | D:2      | Killed Terence
  1175 | D:2      | Reached skill level 1 in Maces & Flails
  1175 | D:2      | Reached XP level 4. HP: 18/42 MP: 3/3
  1204 | D:2      | Found a white marble altar of Elyvilon.
  2007 | D:3      | Found a transporter.
  2007 | D:3      | Noticed kd29's ghost (amateur DEFE)
  2008 | D:3      | Found a transporter.
  2008 | D:3      | Noticed an ogre
  2008 | D:3      | Noticed an ogre
  2027 | D:3      | Reached XP level 5. HP: 43/50 MP: 4/4
  2103 | D:3      | Found a burning altar of Makhleb.
  2831 | D:4      | Noticed an ogre
  2839 | D:4      | Slain by an ogre

Illustrated notes

Levels and vault maps discovered:
D:1:      dpeg_arrival_ratfight, layout_basic
D:2:      minmay_diamond_boxcup, layout_basic, old_standard_altar,
          minmay_misc_feat_enclosed, serial_bayou_pond_b, uniq_terence
D:3:      layout_basic, lightli_temple_of_fire, gammafunk_ghost_smash
D:4:      minmay_bubble_buster, layout_loops_ring,
          chequers_serial_rivers_small_3

Skill      XL: |  1  2  3 |
---------------+----------+-----
Throwing       | 4 |  4.8
Fighting       | 2 |  2.5
Dodging        | 2 |  2.4
Maces & Flails | 1 |  1.6
Stealth        | |  0.3

Action                   |  1- 3 |  4- 6 || total
-------------------------+-------+-------++-------
Melee: Unarmed           |   132 |   124 ||   256
Throw: Large rock        |       |     5 ||     5
  Use: Scroll            |       |     4 ||     4
 Stab: Sleeping          |     1 |     2 ||     3
Armor: Robe              |    58 |    47 ||   105
Dodge: Dodged            |    80 |    51 ||   131

Table legend: (Time is in decaauts)
 A = Elapsed time spent in this place.
 B = Non-inter-level travel time spent in this place.
 C = Inter-level travel time spent in this place.
 D = Time resting spent in this place.
 E = Time spent auto-exploring this place.
 F = Levels seen in this place.
 G = Mean time per level.
                   A        B        C        D        E       F      G
               +--------+--------+--------+--------+--------+-----+--------+
         Total |   2847 |   2737 |    110 |      0 |   2194 |   4 |  711.8 |
       Dungeon |   2847 |   2737 |    110 |      0 |   2194 |   4 |  711.8 |
               +--------+--------+--------+--------+--------+-----+--------+

Top non-repeatable levels by time:
     D:1: 1053 daAuts
     D:2: 895 daAuts
     D:3: 736 daAuts
     D:4: 163 daAuts
